 Dungeon Crawl Stone Soup version 0.32-a0-872-g59262bdc9b (webtiles) character file.

Game seed: 10148125256677650323

51 Elsrick the Grave Robber (level 3, 0/24 HPs)
             Began as a Vampire Necromancer on Mar 30, 2024.
             Killed by divine providence
             ... invoked by an orc priest
              (10 damage)
             ... on level 3 of the Dungeon.
             The game lasted 00:05:26 (1527 turns).

Elsrick the Grave Robber (Vampire Necromancer)      Turns: 1527, Time: 00:05:27

Health: 0/24       AC:  2    Str:  7    XL:     3   Next: 57%
Magic:  0/6        EV: 16    Int: 19    God:
Gold:   137        SH:  0    Dex: 14    Spells: 5/6 levels left

rFire   . . .        c - +0 dagger
rCold   . . .        (no shield)
rNeg    . . .        a - +0 robe
rPois   .            (no helmet)
rElec   .            (no cloak)
rCorr   .            (no gloves)
SInv    +            (no boots)
Will    .....        (no amulet)
Stlth   ++           j - +5 ring of evasion
HPRegen 0.44/turn    (no ring)
MPRegen 0.10/turn

%: no passive effects
@: healing quickly
A: alive, fangs 3, see invisible, vampiric 2
a: Exsanguinate, Convert to Beogh


You were on level 3 of the Dungeon.
You visited 1 branch of the dungeon, and saw 3 of its levels.

You collected 137 gold pieces.

Inventory:

Hand Weapons
 c - a +0 dagger (weapon)
Armour
 a - a +0 robe (worn)
Jewellery
 j - a +5 ring of evasion (left hand)
Wands
 n - a wand of paralysis (5)
Scrolls
 e - a scroll of revelation {unknown}
 h - a scroll of identify {unknown}
 i - a scroll of poison {unknown}
 k - a scroll of enchant weapon {unknown}
 m - a scroll of fog {unknown}
 o - a scroll of silence {unknown}
Potions
 b - a potion of magic
 f - a potion of brilliance {unknown}
 g - a potion of berserk rage {unknown}
 l - 3 potions of cancellation {unknown}


   Skills:
 + Level 0.1 Short Blades
 + Level 2.4 Dodging
 + Level 3.2 Stealth
 + Level 2.4 Spellcasting
 + Level 5.3 Necromancy


You had 5 spell levels left.
You knew the following spells:

 Your Spells              Type           Power      Damage    Failure   Level
a - Necrotise             Necr           88%        1d8       1%          1

Your spell library contained the following spells:

 Spells                   Type           Power      Damage    Failure   Level
 Vampiric Draining        Necr           22%        2d7       5%          3
 Sandblast                Erth           4%         2d4       16%         1
 Animate Dead             Necr           22%        N/A       19%         4
 Mercury Vapours          Alch/Air       4%         N/A       24%         2
 Mephitic Cloud           Conj/Alch/Air  2%         N/A       43%         3
 Curse of Agony           Necr           22%        N/A       45%         5
 Vhi's Electric Charge    Tloc/Air       4%         N/A       85%         4
 Freezing Cloud           Conj/Ice/Air   1%         6-21      99%         5
 Plasma Beam              Fire/Air       1%         2x1d11    100%        6


Dungeon Overview and Level Annotations

Branches:
Dungeon (3/15)

Altars:


Innate Abilities, Weirdness & Mutations

Your natural rate of healing is accelerated.
You have razor-sharp teeth.
You have supernaturally acute eyesight. (SInv)
You are afflicted with vampirism and can become a bat while bloodless.


Message History

You hit the orc priest.
The orc priest shouts, "The Pantheon deserves no one's loyalty.
Let us show you the true path!"
You bite the orc priest, but do no damage.
The orc priest is moderately wounded.
The orc priest shouts, "Surrender to Beogh and we'll let you live!"
Your orc skeleton hits the orc priest but does no damage.
Your orc skeleton hits the orc wizard but does no damage.
The orc priest mumbles some strange prayers to Beogh against you.
Pain shoots through your body!
* * * LOW HITPOINT WARNING * * *
The orc wizard barely misses you.
It was a potion of curing.
You feel better.
Your orc skeleton closely misses the orc priest.
Your orc skeleton barely misses the orc wizard.
The orc priest completely misses you.
The orc priest hits your orc skeleton with a +0 war axe.
Your orc skeleton is destroyed!
The orc wizard hits you with a +0 dagger.
Casting: Necrotise (safe; 1% risk of failure)
Confirm with . or Enter, or press ? or * to list all spells.
Aiming: Necrotise (safe; 1% risk of failure)
Press: ? - help, Shift-Dir - straight line, f - orc priest
Aim: an orc priest, wielding a +0 war axe and wearing a +0 leather armour (moderately wounded, chance to affect: 81%)
The orc priest writhes in agony!
The orc priest shouts, "The Pantheon deserves no one's loyalty.
Let us show you the true path!" The orc priest barely misses you.
Your orc skeleton closely misses the orc wizard.
The orc wizard barely misses you.
You hit the orc priest.
The orc priest shouts, "Beogh offers mercy even to people such as you.
Join us and be reborn!"
The orc priest is almost dead.
The orc priest barely misses you.
The orc wizard hits you but does no damage.
You closely miss the orc priest.
The orc priest threatens, "Beogh's wrath is as vast as their mercy.
Make your choice!"
The orc priest is almost dead.
Your orc skeleton hits the orc wizard but does no damage.
The orc priest calls down the wrath of Beogh upon you.
Beogh smites you!
You die...

+............# #
#............#.#
#...............
#...............
#...............
#######.#.......
#################.#.###...
.........o......#.#...#...
.......Zo@#.....'.........
#......)#.##....#.###.#...
#.......#.##....#.# .#
#.......#.##....#.# ..
#.....o.#.##....#.#
#...o...#.##....#.#
#.......#.##....#.#
#.......#.##....#.# . .


You could see an orc priest, an orc wizard (ally target) and a friendly orc
skeleton.

Vanquished Creatures
  An adder (D:2)
  3 dart slugs (D:2)
  3 orcs (D:3)
  3 ball pythons
  An endoplasm (D:2)
  2 giant cockroaches
  2 goblins (D:1)
  2 hobgoblins (D:2)
  3 quokkas
  2 bats
  A frilled lizard (D:2)
  2 kobolds (D:2)
  4 rats
29 creatures vanquished.

Vanquished Creatures (collateral kills)
  A goblin (D:2)
  A frilled lizard (D:1)
  A kobold (D:1)
  A rat (D:1)
4 creatures vanquished.

Grand Total: 33 creatures vanquished

Notes
Turn   | Place    | Note
-------+----------+-------------------------------------------
     0 | D:1      | Elsrick the Vampire Necromancer began the quest for the
                  | Orb.
     0 | D:1      | Reached XP level 1. HP: 13/13 MP: 3/3
   185 | D:1      | Got Sif Muna's Lessons on Breezy Detritus
   348 | D:1      | Reached XP level 2. HP: 18/19 MP: 5/5
   963 | D:2      | Reached skill level 5 in Necromancy
   991 | D:2      | Gained mutation: You are afflicted with vampirism and can
                  | become a bat while bloodless. [Vampire growth]
   991 | D:2      | Reached XP level 3. HP: 24/24 MP: 2/6
  1527 | D:3      | Killed from afar by an orc priest

Illustrated notes

Levels and vault maps discovered:
D:1:      roderic_crop_circles_arrival_small, layout_loops_ring, st_stairs_2,
          hangedman_decor_growths
D:2:      layout_basic
D:3:      cheibrodos_pilgrimage, layout_basic, uniq_sigmund

Skill      XL: |  1  2 |
---------------+-------+-----
Necromancy     | 5 |  5.3
Short Blades   | |  0.1
Dodging        | |  2.4
Stealth        | |  3.2
Spellcasting   | |  2.4

Action                     || total
---------------------------++-------
  Melee: Dagger            ||    27
         Bite              ||     5
         Unarmed           ||     1
   Cast: Necrotise         ||    35
    Use: Potion            ||     1
 Armour: Robe              ||    12
  Dodge: Dodged            ||    22

Table legend: (Time is in decaauts)
 A = Elapsed time spent in this place.
 B = Non-inter-level travel time spent in this place.
 C = Inter-level travel time spent in this place.
 D = Time resting spent in this place.
 E = Time spent auto-exploring this place.
 F = Levels seen in this place.
 G = Mean time per level.
                   A        B        C        D        E       F      G
               +--------+--------+--------+--------+--------+-----+--------+
         Total |   1525 |   1416 |    109 |     61 |   1033 |   3 |  508.3 |
       Dungeon |   1525 |   1416 |    109 |     61 |   1033 |   3 |  508.3 |
               +--------+--------+--------+--------+--------+-----+--------+

Top non-repeatable levels by time:
     D:1: 794 daAuts
     D:2: 578 daAuts
     D:3: 152 daAuts
